 Dungeon Crawl Stone Soup version 0.26-b1-32-g5d43845318 (webtiles) character file.

Game seed: 4573774753241700927

5648 night the Grappler (level 10, -2/91 HPs)
             Began as a Ghoul Fighter on Jan 9, 2021.
             Was a Plaything of Xom.
             Slain by a shadow (31 damage)
             ... on level 9 of the Dungeon.
             The game lasted 00:17:52 (9407 turns).

night the Grappler (Ghoul Fighter)                  Turns: 9407, Time: 00:17:52

Health: -2/91      AC: 10    Str: 23      XL:     10   Next: 74%
Magic:  9/9        EV: 10    Int:  4      God:    Xom [......]
Gold:   605        SH: 11    Dex: 13 (14) Spells: 9/9 levels left

rFire    . . .     SeeInvis .     - Unarmed
rCold    + . .     Faith    .   F - +0 kite shield
rNeg     + + +     Spirit   .   q - +0 chain mail
rPois    ∞         Reflect  .   f - -1 helmet
rElec    .         Harm     .   M - +0 cloak
rCorr    .         Rampage  .   (no gloves)
Will     .....                  m - -1 pair of boots
Stlth    ..........             (no amulet)
HPRegen  0.00/turn              j - +4 ring of evasion
MPRegen  0.11/turn              C - +6 ring of dexterity

@: no status effects
A: claws 1, cold resistance 1, negative energy resistance 3, inhibited
regeneration, torment resistance, unbreathing
a: Renounce Religion


You were on level 9 of the Dungeon.
You worshipped Xom.
You were a very special plaything of Xom.
You visited 2 branches of the dungeon, and saw 11 of its levels.

You collected 605 gold pieces.

Inventory:

Hand Weapons
 b - the +4 hunting sling of Intimidation {chaos, rN+ Str+2}
   (Xom gifted it to you on level 6 of the Dungeon)

   Each projectile launched from it has a different, random effect.
   It affects your strength (+2).
   It protects you from negative energy.
Missiles
 r - 29 poisoned darts
 s - 42 sling bullets
 u - 7 curare-tipped darts
 v - 150 stones (quivered)
 E - a boomerang
Armour
 f - a -1 helmet (worn)
 m - a -1 pair of boots (worn)
 q - a +0 chain mail (worn)
 F - a +0 kite shield (worn)
 M - a +0 cloak (worn)
Jewellery
 j - a +4 ring of evasion (left claw)
 C - a +6 ring of dexterity (right claw)
Wands
 g - a wand of random effects (18)
 z - a wand of iceblast (7)
 J - a wand of acid (13)
 K - a wand of paralysis (4)
 L - a wand of digging (5)
Scrolls
 a - a scroll of enchant weapon
 d - 9 scrolls of teleportation
 e - a scroll of immolation
 t - a scroll of enchant armour {unknown}
 w - 3 scrolls of remove curse
 x - 2 scrolls of amnesia {unknown}
 y - 2 scrolls of fear
 D - a scroll of identify
 G - a scroll of silence {unknown}
 I - a scroll of fog {unknown}
Potions
 c - 2 potions of might
 h - a potion of degeneration {unknown}
 i - a potion of berserk rage {unknown}
 k - 2 potions of brilliance
 l - a potion of heal wounds
 n - a potion of curing
 o - 3 potions of ambrosia
 p - a potion of haste {unknown}
 A - a potion of lignification {unknown}
 B - 3 potions of resistance
 H - 3 potions of magic


   Skills:
 + Level 9.0 Fighting
 - Level 2.6 Armour
 + Level 7.5 Shields
 * Level 11.8 Unarmed Combat
 + Level 3.2 Evocations


You had 9 spell levels left.
You didn't know any spells.
Your spell library contained the following spells:

 Spells                   Type           Power        Failure   Level
 Corona                   Hex            0%           100%        1
 Ensorcelled Hibernation  Hex/Ice        0%           100%        2
 Confusing Touch          Hex            0%           100%        3
 Dazzling Flash           Conj/Hex       0%           100%        3
 Tukima's Dance           Hex            0%           100%        3


Dungeon Overview and Level Annotations

Branches:
Dungeon (10/15)            Temple (1/1) D:6
   Lair: D:8-11         Orc: D:9-12

Altars:
Ashenzari
Cheibriados
Dithmenos
Elyvilon
Fedhas
Gozag
Hepliaklqana
Kikubaaqudgha
Makhleb
Nemelex Xobeh
Okawaru
Qazlal
Ru
Sif Muna
Trog
Uskayaw
Vehumet
Wu Jian
Xom
Yredelemnul
Zin
The Shining One

Annotations:
D:8 2 transporters


Innate Abilities, Weirdness & Mutations

You thrive by killing the living.
You are immune to poison.
You have sharp fingernails.
Your flesh is cold resistant. (rC+)
You are immune to negative energy. (rN+++)
You do not regenerate when monsters are visible.
You are immune to unholy pain and torment.
You can survive without breathing.


Message History

The bullfrog closely misses you.
You barely miss the bullfrog.
The bullfrog is severely wounded.
The bullfrog hits you.
* * * LOW HITPOINT WARNING * * *
The bullfrog barely misses you.
You closely miss the bullfrog.
The bullfrog is severely wounded.
The shadow slips into darkness.
The shadow flickers and vanishes!
Deactivating autopickup; reactivate with Ctrl-A.
The bullfrog hits you but does no damage.
You scratch the bullfrog.
The bullfrog is severely wounded.
The bullfrog barely misses you.
You mangle the bullfrog!!
You kill the bullfrog!
You feel better.
The shadow strikes at you from the darkness!
You die...

#.....#......#.......
#.....'......#.......
#.....#......#.......
#.....#......#.......
#######.....#########
#....#......#........
#....#......#........
#....#......#........
#...@#......#........
###'#####'###........
#..........))........
#.>........).........
#....................
#....................
#....................
#....................
#####################


There were no monsters in sight!

Vanquished Creatures
  A swamp dragon (D:9)
  An ugly thing (D:9)
  A hornet (D:9)
  A yak (D:9)
  A naga (shapeshifter) (D:9)
  Menkaure (D:6)
  An ice beast (D:9)
  A hornet zombie (D:9)
  A necrophage (D:3)
  An orc warrior (D:6)
  A phantom (D:9)
  An ogre (D:7)
  5 centaurs
  Blork the orc (D:6)
  4 bullfrogs
  4 scorpions
  A wyvern skeleton (D:9)
  A water moccasin skeleton (D:9)
  14 killer bees
  9 wights
  7 howler monkeys
  2 centaur zombies
  8 hounds
  5 orc priests
  2 bullfrog skeletons
  4 jellies
  A centaur skeleton (D:9)
  2 iguanas
  Ijyb (D:4)
  5 orc wizards
  10 worker ants
  A hound zombie (D:9)
  5 adders
  4 shadow imps
  2 white imps
  2 ufetubi
  An adder skeleton (D:4)
  2 adder zombies
  4 worms
  4 dart slugs
  5 leopard geckos
  33 orcs
  7 bats
  6 giant cockroaches
  11 goblins
  7 hobgoblins
  2 jackals (D:8)
  4 quokkas
  A ball python (D:3)
  3 frilled lizards
  A jackal skeleton (D:5)
  10 kobolds
  10 rats
223 creatures vanquished.

Vanquished Creatures (collateral kills)
  A phantom (D:8)
  A centaur (D:8)
  An orc wizard (D:4)
  A worker ant (D:8)
  An orc (D:8)
5 creatures vanquished.

Vanquished Creatures (others)
  Grinder (D:3)
  An orc priest (D:8)
  2 butterflies (D:2)
4 creatures vanquished.

Grand Total: 232 creatures vanquished

Notes
Turn   | Place    | Note
-------+----------+-------------------------------------------
     0 | D:1      | night the Ghoul Fighter began the quest for the Orb.
     0 | D:1      | Reached XP level 1. HP: 19/19 MP: 0/0
   113 | D:1      | Reached XP level 2. HP: 21/26 MP: 1/1
   412 | D:1      | Reached skill level 3 in Unarmed Combat
   456 | D:1      | Reached XP level 3. HP: 31/31 MP: 2/2
   868 | D:2      | Found a shimmering altar of Xom.
   891 | D:2      | Became a worshipper of Xom of Chaos
   898 | D:2      | XOM: potion effect (curing)
   969 | D:2      | Found a radiant altar of Vehumet.
   989 | D:2      | Reached XP level 4. HP: 40/40 MP: 3/3
  1084 | D:2      | XOM: divination: detect creatures
  1279 | D:2      | You fall into a shaft and drop 2 floors!
  1288 | D:4      | Reached skill level 4 in Unarmed Combat
  1320 | D:4      | Reached XP level 5. HP: 40/46 MP: 4/4
  1338 | D:3      | Noticed Grinder
  1339 | D:3      | Paralysed by Grinder for 2 turns
  1341 | D:3      | Killed Grinder
  1341 | D:3      | XOM: divine lightning
  1444 | D:2      | XOM: 1-stop teleportation journey
  1700 | D:3      | XOM: 4-stop teleportation journey
  1873 | D:3      | Noticed a necrophage
  1886 | D:3      | Killed a necrophage
  1887 | D:3      | Reached skill level 5 in Unarmed Combat
  1887 | D:3      | Reached XP level 6. HP: 20/53 MP: 5/5
  1896 | D:3      | XOM: scenery: create altars
  2531 | D:4      | Found a white marble altar of Elyvilon.
  2582 | D:4      | XOM: god gift: 33 gold pieces
  2699 | D:4      | XOM: cast spell 'Summon Hydra'
  2706 | D:4      | Noticed Ijyb
  2712 | D:4      | XOM: summons friendly iron imp
  2719 | D:4      | Killed Ijyb
  2849 | D:4      | Reached skill level 5 in Fighting
  2849 | D:4      | Reached XP level 7. HP: 49/61 MP: 6/6
  2901 | D:4      | Reached skill level 6 in Unarmed Combat
  2911 | D:4      | Found a broken altar of Ashenzari.
  3026 | D:5      | Entered Level 5 of the Dungeon
  3324 | D:5      | Found a hide-covered altar of Uskayaw.
  3327 | D:5      | XOM: noise
  3532 | D:5      | XOM: smoke on damage
  3783 | D:5      | Found a shadowy altar of Dithmenos.
  4032 | D:6      | Reached skill level 7 in Unarmed Combat
  4041 | D:6      | XOM: summons 1 hostile demon
  4170 | D:6      | Found a broken altar of Ashenzari.
  4213 | D:6      | Found a hazy altar of Hepliaklqana.
  4234 | D:6      | XOM: summons 2 friendly demons
  4239 | D:6      | Reached XP level 8. HP: 65/70 MP: 7/7
  4334 | D:6      | XOM: silly message
  4406 | D:6      | Noticed Blork the orc
  4425 | D:6      | Killed Blork the orc
  4426 | D:6      | Reached skill level 5 in Shields
  4583 | D:6      | XOM: god gift: dazzling hunting sling {god gift}
  4586 | D:6      | Got a dazzling hunting sling {god gift}
  4587 | D:6      | Identified the +4 hunting sling of Intimidation {chaos, rN+
                  | Str+2} (Xom gifted it to you on level 6 of the Dungeon)
  4672 | D:6      | Noticed Menkaure
  4681 | D:6      | Killed Menkaure
  4682 | D:6      | Reached skill level 8 in Unarmed Combat
  5024 | D:6      | Found a staircase to the Ecumenical Temple.
  5057 | D:6      | XOM: silly message
  5087 | Temple   | Entered the Ecumenical Temple
  5391 | D:7      | XOM: noise
  5442 | D:7      | Reached skill level 9 in Unarmed Combat
  5442 | D:7      | Reached XP level 9. HP: 50/78 MP: 8/8
  5581 | D:7      | XOM is BORED!
  5581 | D:7      | XOM: silly message
  5833 | D:7      | XOM: noise
  5971 | D:7      | XOM is BORED!
  5971 | D:7      | XOM: noise
  6033 | D:7      | XOM: scenery: create altars
  6268 | D:7      | XOM: cloud trail
  6415 | D:7      | XOM: scenery: summon butterflies
  6422 | D:7      | XOM: god gift: scroll of teleportation
  6554 | D:7      | XOM: stat loss: -1 Str (21/22)
  6592 | D:7      | XOM: cloud trail
  6845 | D:8      | Reached skill level 10 in Unarmed Combat
  6878 | D:8      | Found a sand-covered staircase.
  6879 | D:8      | XOM: summons 2 hostile shadow creatures
  6887 | D:8      | XOM: 2-stop teleportation journey
  6891 | D:8      | XOM: summons 9 friendly demons
  6895 | D:8      | XOM: confusion
  6934 | D:8      | XOM: god gift: 35 gold pieces
  7286 | D:8      | Found a transporter.
  7288 | D:8      | Found a transporter.
  7288 | D:8      | Noticed a seven-headed hydra
  7302 | D:8      | Found a sacrificial altar of Ru.
  7490 | D:8      | XOM: cloud trail
  7717 | D:9      | XOM: summons 5 friendly demons
  7744 | D:9      | Reached skill level 1 in Evocations
  7795 | D:9      | Noticed a green ugly thing
  7795 | D:9      | Noticed a boulder beetle
  7840 | D:9      | Reached XP level 10. HP: 70/88 MP: 9/9
  7967 | D:9      | XOM: scenery: 1 doors open
  7979 | D:9      | Reached skill level 11 in Unarmed Combat
  7997 | D:9      | Noticed a swamp dragon
  7997 | D:9      | a boulder beetle changed into a swamp dragon
  7997 | D:9      | XOM: polymorph boulder beetle -> swamp dragon
  8001 | D:9      | XOM: silly message
  8008 | D:9      | XOM: fog
  8009 | D:9      | Killed a swamp dragon
  8630 | D:9      | XOM: summons 6 hostile demons
  8782 | D:9      | Found a glowing silver altar of Zin.
  8863 | D:9      | Killed a green ugly thing
  8891 | D:9      | XOM: summons 2 hostile demons
  8892 | D:9      | Noticed a soul eater
  8908 | D:9      | HP: 3/91 [soul eater[Xom] (14)]
  9187 | D:9      | Found an ancient bone altar of Kikubaaqudgha.
  9290 | D:9      | Found a bloodstained altar of Trog.
  9382 | D:10     | Entered Level 10 of the Dungeon
  9382 | D:10     | Noticed a gargoyle
  9392 | D:9      | XOM: stat loss: -1 Dex (13/14)
  9407 | D:9      | Slain by a shadow

Illustrated notes

Levels and vault maps discovered:
D:1:      amcnicky_arrival_choice, layout_loops_ring,
          chequers_serial_rivers_micro_a
D:2:      layout_basic, xom_butterflies, fiery_altar_vehumet
D:3:      layout_rooms, uniq_grinder
D:4:      layout_rooms, lemuel_crystal_altar, lemuel_crystal_altar,
          kennysheep_potato, uniq_ijyb
D:5:      minmay_inner_zag, layout_basic, general_overflow_altar, basic_altar
D:6:      layout_gridville, nzn_hepliaklqana_mist_gate,
          minmay_temple_entry_poolview, ashenzari_altar_1, uniq_blork_the_orc,
          uniq_menkaure
D:7:      layout_basic
D:8:      layout_loops_ring, gammafunk_temple_overflow_arena,
          lightli_ossuary_entry_decrepit_ruins
D:9:      layout_grid_maze, lemuel_crystal_altar, lemuel_coloured_pillars_altar,
          marbit_many_paths, grunt_tough_drop
D:10:     layout_gridville, david_orc_3, serial_shops, shop
Temple:   hc_temple_tempest_star

Skill      XL: |  1  2  3  4  5  6  7  8  9 10 |
---------------+-------------------------------+-----
Unarmed Combat | 3 4 5 7 9 10 11 | 11.8
Shields        | 3 4 5 6 7 |  7.5
Fighting       | 4 5 6 8 9 |  9.0
Evocations     | 1 3 |  3.2
Armour         | |  2.6

Action                   |  1- 3 |  4- 6 |  7- 9 | 10-12 || total
-------------------------+-------+-------+-------+-------++-------
Melee: Unarmed           |   120 |   201 |   426 |   169 ||   916
 Fire: Hunting sling     |       |       |    15 |     7 ||    22
Evoke: Wand              |       |       |       |     1 ||     1
  Use: Scroll            |       |     5 |       |     5 ||    10
       Potion            |       |       |       |     2 ||     2
 Stab: Distracted        |       |       |     1 |       ||     1
Armor: Scale mail        |    55 |    71 |       |       ||   126
       Chain mail        |       |    23 |   129 |    44 ||   196
Dodge: Dodged            |    35 |    84 |   135 |    36 ||   290
Block: Kite shield       |    63 |   105 |   221 |    64 ||   453
